 Dungeon Crawl Stone Soup version 0.26-a0-1147-g3780a7a11b (webtiles) character file.

Game seed: 6510472810728419975

170 gruber the Firebug (level 5, -1/35 HPs)
             Began as a Demonspawn Fire Elementalist on Dec 22, 2020.
             Slain by a worker ant (2 damage)
             ... on level 3 of the Dungeon.
             The game lasted 00:03:43 (4373 turns).

gruber the Firebug (Demonspawn Fire Elementalist)   Turns: 4373, Time: 00:03:44

Health: -1/35      AC:  3    Str:  9    XL:     5   Next: 25%
Magic:  1/8        EV: 12    Int: 17    God:
Gold:   144        SH:  0    Dex: 15    Spells: 7/8 levels left

rFire    . . .     SeeInvis .   (no weapon)
rCold    + . .     Faith    .   (no shield)
rNeg     . . .     Spirit   .   a - +0 robe
rPois    .         Reflect  .   (no helmet)
rElec    .         Harm     .   (no cloak)
rCorr    .         Rampage  .   (no gloves)
Will     .....                  c - +0 pair of boots
Stlth    +++.......             (no amulet)
HPRegen  0.11/turn              (no ring)
MPRegen  0.11/turn              (no ring)

@: lethally poisoned (-1 -> -8)
A: thin skeletal structure 1, cold resistance 1
a: no special abilities


You were on level 3 of the Dungeon.
You visited 1 branch of the dungeon, and saw 4 of its levels.

You collected 144 gold pieces.

Inventory:

Armour
 a - a +0 robe (worn)
 c - a +0 pair of boots (worn)
Wands
 d - a wand of random effects (36)
Scrolls
 b - 3 scrolls of amnesia {unknown}
 e - 7 scrolls of identify {unknown}
 g - a scroll of fear {unknown}
 i - a scroll of remove curse {unknown}
 j - 2 scrolls of magic mapping {unknown}
 l - 3 scrolls of teleportation {unknown}
 o - a scroll of enchant weapon {unknown}
Potions
 f - a potion of mutation {unknown}
 h - a potion of cancellation {unknown}
 k - 3 potions of degeneration {unknown}
 m - a potion of might {unknown}
 n - a potion of brilliance {unknown}
 p - a potion of invisibility {unknown}
 q - a potion of heal wounds {unknown}
 r - a potion of haste {unknown}


   Skills:
 - Level 1.7 Dodging
 - Level 1.7 Stealth
 - Level 2.0 Spellcasting
 + Level 3.2 Conjurations
 + Level 4.6 Fire Magic


You had 7 spell levels left.
You knew the following spells:

 Your Spells              Type           Power        Failure   Level
a - Foxfire               Conj/Fire      60%          3%          1

Your spell library contained the following spells:

 Spells                   Type           Power        Failure   Level
 Conjure Flame            Conj/Fire      15%          12%         3
 Inner Flame              Hex/Fire       9%           22%         3
 Sticky Flame             Conj/Fire      15%          36%         4
 Fireball                 Conj/Fire      7%           71%         5


Dungeon Overview and Level Annotations

Branches:
Dungeon (4/15)
 Temple: D:4-7

Altars:
Xom
Yredelemnul


Innate Abilities, Weirdness & Mutations

You have a somewhat thin skeletal structure. (Dex +2, Stealth)
Your flesh is cold resistant. (rC+)


Message History

You see here 16 stones.
* * * LOW HITPOINT WARNING * * *
You feel sick. The worker ant misses you.
* * * LOW HITPOINT WARNING * * *
You feel sick.
Evoke which item? (* to show all) (? for menu, Esc to quit)
Aiming: Random Effects
Press: ? - help, Shift-Dir - straight line, f - worker ant
Aim: a worker ant (heavily wounded)
The puff of flame hits the worker ant.
The worker ant is almost dead.
* * * LOW HITPOINT WARNING * * *
You feel sick. The worker ant barely misses you.
Unknown command.
Evoke which item? (* to show all) (? for menu, Esc to quit)
Aiming: Random Effects
Press: ? - help, Shift-Dir - straight line, f/p - worker ant
Aim: a worker ant (almost dead)
The worker ant seems to speed up.
The worker ant bites you.
You die...

############### #.............#
############ #.###########.#
..<#.......#### #...#########.###
.#.#.......(..###.#.##....>......
.#.#..####......@B(...........###
.#.#..# ####.##..###.###.#.#.#
).#...######........#...#.#(#.#
.###..........###.###.###.###.#
.)#♣♣♣######..)##.............#
..P≈♣♣♣ #..(..................#
.♣≈P≈≈♣ ♣..#(...#.###.###.###.#
≈P≈P≈≈♣♣♣♣.#..#.#.#.....#...#.###
P≈≈≈≈≈≈≈♣♣♣.......###.###.###....


You could see a worker ant (fast).

Vanquished Creatures
  A scorpion (D:4)
  Ijyb (D:3)
  A hound skeleton (D:4)
  2 adders
  4 worms
  A dart slug (D:1)
  2 leopard geckos
  An orc (D:3)
  3 ball pythons
  6 hobgoblins
  A jackal (D:4)
  4 kobolds
  8 bats
  2 frilled lizards
  7 goblins
  9 rats
53 creatures vanquished.

Vanquished Creatures (collateral kills)
  8 foxfires (D:3)
8 creatures vanquished.

Vanquished Creatures (others)
  282 foxfires
282 creatures vanquished.

Grand Total: 343 creatures vanquished

Notes
Turn   | Place    | Note
-------+----------+-------------------------------------------
     0 | D:1      | gruber the Demonspawn Fire Elementalist began the quest for
                  | the Orb.
     0 | D:1      | Reached XP level 1. HP: 13/13 MP: 3/3
   173 | D:1      | Reached skill level 3 in Fire Magic
   411 | D:1      | You fall into a shaft and drop 1 floor!
   414 | D:2      | Gained mutation: Your flesh is cold resistant. (rC+)
                  | [demonic ancestry]
   414 | D:2      | Reached XP level 2. HP: 19/19 MP: 1/5
   588 | D:2      | Found a shimmering altar of Xom.
  1236 | D:2      | Reached XP level 3. HP: 21/24 MP: 2/6
  2849 | D:3      | Reached skill level 4 in Fire Magic
  3269 | D:3      | Gained mutation: You have a somewhat thin skeletal
                  | structure. (Dex +2, Stealth) [demonic ancestry]
  3269 | D:3      | Reached XP level 4. HP: 30/30 MP: 3/7
  3519 | D:3      | Found a basalt altar of Yredelemnul.
  3811 | D:4      | Noticed Ijyb
  3861 | D:3      | Killed Ijyb
  4135 | D:4      | Reached XP level 5. HP: 20/35 MP: 0/8
  4334 | D:4      | Noticed a phantom
  4372 | D:3      | HP: 1/35 [poisoned by a worker ant]
  4373 | D:3      | Slain by a worker ant

Illustrated notes

Levels and vault maps discovered:
D:1:      eino_arrival_tree_alley, layout_basic, st_stairs_12,
          chequers_serial_rivers_room_b
D:2:      layout_loops_corners, xom_butterflies
D:3:      layout_loops_ring, overflow_temple_1_default, serial_bayou,
          serial_bayou_shore_a, serial_bayou_pond_a, serial_bayou_lagoon_a,
          serial_bayou_lagoon_b, minmay_misc_feat_nine_boxes
D:4:      layout_loops_ring, uniq_crazy_yiuf_cottage, uniq_ijyb

Skill      XL: |  1  2  3  4 |
---------------+-------------+-----
Fire Magic     | 3 4 |  4.6
Conjurations   | 2 3 |  3.2
Dodging        | |  1.7
Stealth        | |  1.7
Spellcasting   | |  2.0

Action                   |  1- 3 |  4- 6 || total
-------------------------+-------+-------++-------
Melee: Unarmed           |    15 |     1 ||    16
 Cast: Foxfire           |   132 |    48 ||   180
Evoke: Wand              |       |     2 ||     2
 Stab: Sleeping          |     1 |       ||     1
Armor: Robe              |    11 |    10 ||    21
Dodge: Dodged            |    21 |    28 ||    49

Table legend: (Time is in decaauts)
 A = Elapsed time spent in this place.
 B = Non-inter-level travel time spent in this place.
 C = Inter-level travel time spent in this place.
 D = Time resting spent in this place.
 E = Time spent auto-exploring this place.
 F = Levels seen in this place.
 G = Mean time per level.
                   A        B        C        D        E       F      G
               +--------+--------+--------+--------+--------+-----+--------+
         Total |   4426 |   4292 |    134 |      0 |   3735 |   4 | 1106.5 |
       Dungeon |   4426 |   4292 |    134 |      0 |   3735 |   4 | 1106.5 |
               +--------+--------+--------+--------+--------+-----+--------+

Top non-repeatable levels by time:
     D:2: 1412 daAuts
     D:1: 1409 daAuts
     D:3: 1149 daAuts
     D:4: 454 daAuts
